 Dungeon Crawl Stone Soup version 0.32-a0-571-gec57dfcd37 (webtiles) character file.

Game seed: 3178621717159450205

5 Malificent the Grasshopper (level 1, -3/22 HPs)
             Began as an Oni Warper on Mar 1, 2024.
             Succumbed to a kobold's poison
             ... on level 1 of the Dungeon.
             The game lasted 00:00:32 (148 turns).

Malificent the Grasshopper (Oni Warper)              Turns: 148, Time: 00:00:32

Health: -3/22      AC:  3    Str: 14    XL:     1   Next: 80%
Magic:  4/4        EV:  9    Int: 14    God:
Gold:   7          SH:  0    Dex:  8    Spells: 5/5 levels left

rFire   . . .        a - +0 mace
rCold   . . .        (no shield)
rNeg    . . .        b - +0 robe
rPois   .            (helmet restricted)
rElec   .            (no cloak)
rCorr   .            (gloves unavailable)
SInv    .            (boots unavailable)
Will    .....        (no amulet)
Stlth   +            (no ring)
HPRegen 0.23/turn    (no ring)
MPRegen 0.09/turn

%: no passive effects
@: lethally poisoned (-3 -> -22)
A: large, unfitting armour, horns 1, tough skin 1, double potion healing,
drunken brawling
a: no special abilities


You were on level 1 of the Dungeon.
You visited 1 branch of the dungeon, and saw 1 of its levels.

You collected 7 gold pieces.

Inventory:

Hand Weapons
 a - a +0 mace (weapon)
Missiles
 d - 7 darts of dispersal (quivered)
 e - 3 poisoned darts
Armour
 b - a +0 robe (worn)
Scrolls
 c - a scroll of blinking
Potions
 f - a potion of curing {unknown}


   Skills:
 + Level 2.7 Fighting
 + Level 2.0 Maces & Flails
 * Level 1.2 Throwing
 + Level 2.1 Dodging
 + Level 2.5 Spellcasting
 + Level 2.8 Translocations


You had 5 spell levels left.
You didn't know any spells.
Your spell library contained the following spells:

 Spells                   Type           Power      Damage    Failure   Level
 Blink                    Tloc           18%        N/A       11%         2
 Lesser Beckoning         Tloc           18%        N/A       11%         2
 Teleport Other           Tloc           9%         N/A       21%         3
 Manifold Assault         Tloc           9%         N/A       56%         4
 Vhi's Electric Charge    Tloc/Air       10%        N/A       77%         4


Dungeon Overview and Level Annotations

Branches:
Dungeon (1/15)

Altars:


Innate Abilities, Weirdness & Mutations

You are too large for most types of armour.
You have a pair of small horns on your head.
You have tough skin. (AC +1)
You gain doubled healing and magic from potions.
Whenever you drink a healing potion, you attack all around you.


Message History

You hit the kobold.
The kobold is heavily wounded.
The kobold barely misses you.
You closely miss the kobold.
The kobold is heavily wounded.
The kobold hits you with a +0 club.
You barely miss the kobold.
The kobold is heavily wounded.
The kobold hits you with a +0 club. The kobold hits you but does no damage.
You hit the kobold.
You kill the kobold!
The rat bites you but does no damage. The rat bites you.
Things that are here:
a +0 club; a stone; a kobold corpse You hit the rat.
You kill the rat!
You see here a rat corpse.
Found a stone staircase leading down.
f - a purple potion You now have 7 gold pieces.
A kobold comes into view.
It is wielding a +2 short sword of venom.
The kobold shouts!
You completely miss the kobold.
The kobold hits you with a +2 short sword of venom.
You are poisoned.
You barely miss the kobold. Your headbutt misses the kobold.
You feel very sick.
The kobold hits you with a +2 short sword of venom.
You are lethally poisoned!
The kobold hits you with a +2 short sword of venom.
You are more poisoned.
You barely miss the kobold. You headbutt the kobold.
The kobold is moderately wounded.
* * * LOW HITPOINT WARNING * * *
You feel extremely sick. The kobold hits you but does no damage.
You hit the kobold.
The kobold is severely wounded.
You die...

##########
###########........
#...........####.#.#
#.####..>........#.###
#.##...##..@K...#
#.##...####.#.#.#
#.####.##...##.#.# #
....................
#.####......##......
..........# .#....
#.#####...##.#.#.#.
................#.#.#
..#.#.#####.#....#...#.


You could see a kobold.

Vanquished Creatures
  A goblin (D:1)
  2 kobolds (D:1)
  A ball python (D:1)
  A rat (D:1)
5 creatures vanquished.

Notes
Turn   | Place    | Note
-------+----------+-------------------------------------------
     0 | D:1      | Malificent the Oni Warper began the quest for the Orb.
     0 | D:1      | Reached XP level 1. HP: 22/22 MP: 3/3
   148 | D:1      | Succumbed to a kobold's poison

Illustrated notes

Levels and vault maps discovered:
D:1:      dpeg_arrival_simpleton_a, layout_basic

Action                     || total
---------------------------++-------
  Melee: Mace              ||    16
         Headbutt          ||     3
 Armour: Robe              ||    15
  Dodge: Dodged            ||     6

Table legend: (Time is in decaauts)
 A = Elapsed time spent in this place.
 B = Non-inter-level travel time spent in this place.
 C = Inter-level travel time spent in this place.
 D = Time resting spent in this place.
 E = Time spent auto-exploring this place.
 F = Levels seen in this place.
 G = Mean time per level.
                   A        B        C        D        E       F      G
               +--------+--------+--------+--------+--------+-----+--------+
         Total |    152 |    152 |      0 |      0 |    101 |   1 |  152.0 |
       Dungeon |    152 |    152 |      0 |      0 |    101 |   1 |  152.0 |
               +--------+--------+--------+--------+--------+-----+--------+

Top non-repeatable levels by time:
     D:1: 152 daAuts
